 Dungeon Crawl Stone Soup version 0.21-a0-507-ga8f6b7a (webtiles) character file.

371 slep the Poker (level 6, -8/52 HPs)
             Began as a Minotaur Gladiator on Nov 28, 2017.
             Mangled by Menkaure (13 damage)
             ... on level 5 of the Dungeon.
             The game lasted 00:10:24 (2126 turns).

slep the Poker (Minotaur Gladiator)                 Turns: 2126, Time: 00:10:25

Health: -8/52      AC:  7    Str: 16 (18) XL:     6   Next: 42%
Magic:  5/5        EV:  9    Int:  6 (7)  God:
Gold:   183        SH: 10    Dex: 12 (14) Spells: 5/5 levels left

rFire    . . .     SeeInvis .   a - +0 trident
rCold    . . .     Gourm    .   e - +2 shield
rNeg     . . .     Faith    .   l - +0 scale mail
rPois    .         Spirit   .   c - +0 hat
rElec    .         Reflect  .   g - +0 cloak (curse)
rCorr    .         Harm     .   (no gloves)
MR       .....     Clarity  +   (no boots)
Stlth    ..........             v - amulet of regeneration
HPRegen  0.57/turn              x - +1 ring of evasion
MPRegen  0.09/turn              (no ring)

@: no status effects
A: retaliatory headbutt, horns 2, blink, clarity, clever 1
a: Blink


You were on level 5 of the Dungeon.
You were not hungry.

You visited 1 branch of the dungeon, and saw 5 of its levels.

You collected 183 gold pieces.

Inventory:

Hand Weapons
 a - a +0 trident (weapon)
Missiles
 m - 18 poisoned needles
Armour
 b - a +0 leather armour
 c - a +0 hat (worn)
 e - a +2 shield (worn)
 g - a cursed +0 cloak (worn)
 l - a +0 scale mail (worn)
Jewellery
 s - a +2 amulet of reflection
 v - an amulet of regeneration (around neck)
 x - a +1 ring of evasion (left hand)
Scrolls
 i - a scroll of enchant weapon {unknown}
 j - 3 scrolls of teleportation {unknown}
 k - 3 scrolls of identify {unknown}
 u - 2 scrolls of remove curse {unknown}
 y - a scroll of magic mapping {unknown}
 A - a scroll of random uselessness {unknown}
Potions
 o - a potion of curing
 t - 2 potions of mutation
Comestibles
 f - 6 bread rations
 p - 4 meat rations
 q - a royal jelly
 w - 4 fruits


   Skills:
 + Level 3.6 Fighting
 + Level 6.4 Polearms
 + Level 2.3 Throwing
 + Level 2.1 Armour
 + Level 4.1 Dodging
 + Level 0.1 Stealth
 + Level 2.9 Shields


You had 5 spell levels left.
You didn't know any spells.

Dungeon Overview and Level Annotations

Branches:
Dungeon (5/15)
 Temple: D:4-7

Altars:
Cheibriados
Ru

Shops:
D:5 :

Annotations:
D:5 Menkaure


Innate Abilities, Weirdness & Mutations

You reflexively headbutt those who attack you in melee.
You have a pair of horns on your head.
You can translocate small distances at will.
You possess an exceptional clarity of mind.
Your mind is acute. (Int +2)


Message History

The net rips apart, and Menkaure comes free!
Your shield and scale mail prevent you from hitting Menkaure.
Your headbutt misses Menkaure.
Menkaure is heavily damaged.
You block Menkaure's attack.
Throwing (i - inventory):
d - a throwing net (quivered)
Press: ? - help, Shift-Dir - straight line, f/p - Menkaure
Aim: Menkaure (heavily damaged, fast)
You throw a throwing net.
The throwing net barely misses Menkaure.
Menkaure hums in an indecipherable tongue.
You block Menkaure's attack.
You hit Menkaure.
Menkaure is almost destroyed.
Menkaure hits you but does no damage. Menkaure hits you!
* * * LOW HITPOINT WARNING * * *
Your shield and scale mail prevent you from hitting Menkaure.
Menkaure is almost destroyed.
Menkaure hits you!
You die...

....#######.............#
...)†.............^.....#
....###########.........#
....# ##......#.# ....#
#######....###.# ....#
#.....#....... ....#
####.....#....####
....###........#........
......'........$@M..$..(
#######...........#####.
######..........
#....$#.### #....)#..<
#.....#.... ......# .###
.......# ..


You could see Menkaure.

Vanquished Creatures
  An ogre (D:5)
  A howler monkey (D:5)
  2 orc priests
  Jessica (D:2)
  5 adders
  A gnoll (D:5)
  A worm (D:2)
  4 dart slugs
  2 leopard geckos
  19 orcs
  5 bats
  2 giant cockroaches (D:3)
  5 goblins
  8 hobgoblins
  5 jackals (D:2)
  4 kobolds
  2 quokkas
  A ball python (D:1)
  4 frilled lizards
  7 rats
80 creatures vanquished.

Notes
Turn   | Place    | Note
-------+----------+-------------------------------------------
     0 | D:1      | slep the Minotaur Gladiator began the quest for the Orb.
     0 | D:1      | Reached XP level 1. HP: 18/18 MP: 0/0
   154 | D:1      | Reached XP level 2. HP: 19/25 MP: 1/1
   246 | D:1      | Reached skill level 4 in Polearms
   611 | D:2      | Reached XP level 3. HP: 24/30 MP: 2/2
   643 | D:2      | Noticed Jessica
   649 | D:2      | Killed Jessica
   649 | D:2      | Reached skill level 1 in Shields
   737 | D:2      | Reached XP level 4. HP: 30/38 MP: 3/3
   761 | D:2      | Reached skill level 5 in Polearms
  1268 | D:3      | Reached skill level 1 in Armour
  1268 | D:3      | Reached XP level 5. HP: 37/45 MP: 4/4
  1440 | D:3      | Found a sacrificial altar of Ru.
  1901 | D:4      | Gained mutation: You possess an exceptional clarity of mind. [potion of mutation]
  1901 | D:4      | Gained mutation: You can translocate small distances at will. [potion of mutation]
  1901 | D:4      | Gained mutation: Your mind is acute. (Int +2) [potion of mutation]
  1927 | D:5      | Entered Level 5 of the Dungeon
  2006 | D:5      | Reached skill level 6 in Polearms
  2010 | D:5      | Noticed an ogre
  2013 | D:5      | Reached XP level 6. HP: 44/51 MP: 5/5
  2032 | D:5      | Found Zootsyif's Book Shoppe.
  2036 | D:5      | Found a snail-covered altar of Cheibriados.
  2113 | D:5      | Noticed Menkaure
  2126 | D:5      | Mangled by Menkaure

Vault maps used:
D:1:      dpeg_arrival_simpleton_c, minmay_liquid_box
D:2:      first_bread, uniq_jessica
D:3:      nicolae_ru_sacrificial_ziggurat, nicolae_overflow_hidden_temple
D:4:      minitemple
D:5:      lemuel_round_altar, serial_shops, shop, uniq_menkaure

Skill      XL: |  1  2  3  4  5  6 |
---------------+-------------------+-----
Polearms       | 4 5 6 |  6.4
Fighting       | 3 |  3.6
Shields        | 1 2 |  2.9
Armour         | 1 2 |  2.1
Dodging        | 4 |  4.1
Throwing       | |  2.3
Stealth        | |  0.1

Action                   |  1- 3 |  4- 6 || total
-------------------------+-------+-------++-------
Melee: Trident           |    74 |   145 ||   219
       Headbutt          |     4 |    22 ||    26
Throw: Throwing net      |       |     3 ||     3
  Use: Potion            |       |     6 ||     6
 Stab: Held in net/web   |       |     2 ||     2
  Eat: Chunk             |       |     4 ||     4
Armor: Leather armour    |     5 |       ||     5
       Scale mail        |    17 |    35 ||    52
Dodge: Dodged            |    21 |    42 ||    63
Block: Shield            |    37 |    62 ||    99
       Reflection        |       |     3 ||     3

Table legend:
 A = Spawn XP
 B = Non-spawn XP
 C = Spawn XP percentage of total XP
 D = Spawn monster count
 E = Non-spawn monster count
 F = Spawn count percentage of total count
 G = Total turns spent on level
                    A         B        C        D         E        F      G
               +---------+---------+-------+---------+---------+-------+---------
         Total |       0 |     530 |   0.0 |       0 |      80 |   0.0 |  2126
               +---------+---------+-------+---------+---------+-------+---------
           D:1 |       0 |      30 |   0.0 |       0 |      14 |   0.0 |   583
           D:2 |       0 |     111 |   0.0 |       0 |      27 |   0.0 |   562
           D:3 |       0 |     136 |   0.0 |       0 |      27 |   0.0 |   582
           D:4 |       0 |      62 |   0.0 |       0 |       8 |   0.0 |   202
           D:5 |       0 |     191 |   0.0 |       0 |       4 |   0.0 |   197
               +---------+---------+-------+---------+---------+-------+---------
